% Time on Ice - LONG BEACH BARACUDAS
Lines # - Real PCT - Wanted PCT - Time Play
Normal Forward
1 - 39% - 45% - 20:55
2 - 32% - 31% - 17:14
3 - 22% - 20% - 11:53
4 - 7% - 4% - 4:01
Normal Defense
1 - 37% - 40% - 19:49
2 - 30% - 30% - 16:05
3 - 30% - 20% - 15:57
4 - 4% - 10% - 2:12
PP Forward
1 - 37% - 55% - 2:13
2 - 63% - 45% - 3:44
PP Defense
1 - 55% - 55% - 3:15
2 - 45% - 45% - 2:42
PK Forward
1 - 0% - 55%
2 - 0% - 45%
PK Defense
1 - 0% - 55%
2 - 0% - 45%
PK3 Forward
1 - 0% - 55%
2 - 0% - 45%
PK3 Defense
1 - 0% - 55%
2 - 0% - 45%
44 Forward
1 - 0% - 55%
2 - 0% - 45%
44 Defense
1 - 0% - 55%
2 - 0% - 45%
Last Minute Offensive  - 0:00
Last Minute Defensive  - 0:00
Total
Forward - 60:00
Defense - 60:00
% Time on Ice - OAKLAND GORILLAS
Lines # - Real PCT - Wanted PCT - Time Play
Normal Forward
1 - 32% - 34% - 17:30
2 - 32% - 34% - 17:28
3 - 31% - 32% - 16:45
4 - 4% - 0% - 2:20
Normal Defense
1 - 33% - 34% - 17:56
2 - 33% - 33% - 17:49
3 - 33% - 33% - 17:46
4 - 1% - 0% - 0:32
PP Forward
1 - 0% - 50%
2 - 0% - 50%
PP Defense
1 - 0% - 60%
2 - 0% - 40%
PK Forward
1 - 57% - 55% - 3:24
2 - 43% - 45% - 2:33
PK Defense
1 - 52% - 55% - 3:07
2 - 48% - 45% - 2:50
PK3 Forward
1 - 0% - 55%
2 - 0% - 45%
PK3 Defense
1 - 0% - 55%
2 - 0% - 45%
44 Forward
1 - 0% - 55%
2 - 0% - 45%
44 Defense
1 - 0% - 55%
2 - 0% - 45%
Last Minute Offensive  - 0:00
Last Minute Defensive  - 0:00
Total
Forward - 60:00
Defense - 60:00
Play-by-Play 1st period 0:01 of 1st period - William Karlsson wins face-off versus Aleksander Barkov in neutral zone. 0:04 of 1st period - Aleksander Barkov is hit by Kyle Connor and loses puck. 0:25 of 1st period - Shot by Kyle Connor. 0:25 of 1st period - Stopped by Alexandar Georgiev without a rebound. 0:26 of 1st period - Logan Couture wins face-off versus Ryan O'Reilly in OAKLAND GORILLAS zone. 0:55 of 1st period - Icing by Connor Clifton. 0:56 of 1st period - Patrice Bergeron wins face-off versus Ryan O'Reilly in LONG BEACH BARACUDAS zone. 2:43 of 1st period - Icing by Justin Braun. 2:44 of 1st period - William Karlsson wins face-off versus Logan Couture in LONG BEACH BARACUDAS zone. 3:27 of 1st period - Shot by Patrik Laine. 3:27 of 1st period - Stopped by Pyotr Kochetkov without a rebound. 3:28 of 1st period - Patrice Bergeron wins face-off versus Derek Stepan in LONG BEACH BARACUDAS zone. 3:49 of 1st period - Shot by Patrice Bergeron. 3:49 of 1st period - Shot Misses the Net. 3:54 of 1st period - Off-side. 3:55 of 1st period - Nico Hischier wins face-off versus Marcus Foligno in neutral zone. 3:55 of 1st period - Zachary Werenski is hit by Marcus Foligno and loses puck. 4:24 of 1st period - Shot by Mark Stone. 4:24 of 1st period - Stopped by Pyotr Kochetkov with a rebound. 4:26 of 1st period - Shot by Aleksander Barkov. 4:26 of 1st period - Deflect By Mark Stone. 4:26 of 1st period - Stopped by Pyotr Kochetkov without a rebound. 4:27 of 1st period - Logan Couture wins face-off versus William Karlsson in LONG BEACH BARACUDAS zone. 4:50 of 1st period - Shot by Jared Spurgeon. 4:50 of 1st period - Stopped by Pyotr Kochetkov with a rebound. 4:52 of 1st period - Shot by Jamie Oleksiak. 4:52 of 1st period - Shot Misses the Net. 5:15 of 1st period - Shot by Jordan Kyrou. 5:15 of 1st period - Stopped by Pyotr Kochetkov without a rebound. 5:16 of 1st period - Patrice Bergeron wins face-off versus Nico Hischier in LONG BEACH BARACUDAS zone. 5:27 of 1st period - Off-side. 5:28 of 1st period - Aleksander Barkov wins face-off versus Ryan O'Reilly in neutral zone. 5:33 of 1st period - Shot by Mark Stone. 5:33 of 1st period - Shot Blocked by Zachary Werenski. 5:35 of 1st period - Shot by Marcus Foligno. 5:35 of 1st period - Goal by Marcus Foligno - LONG BEACH BARACUDAS : 0 - OAKLAND GORILLAS : 1. 5:36 of 1st period - Patrice Bergeron wins face-off versus Nico Hischier in neutral zone. 5:51 of 1st period - Shot by Patrice Bergeron. 5:51 of 1st period - Deflect By Colton Sissons. 5:51 of 1st period - Shot Blocked by Zachary Werenski. 5:53 of 1st period - Shot by Shayne Gostisbehere. 5:53 of 1st period - Shot Misses the Net. 5:55 of 1st period - Shot by Colton Sissons. 5:55 of 1st period - Shot Misses the Net. 6:36 of 1st period - Icing by David Kampf. 6:37 of 1st period - William Karlsson wins face-off versus Patrice Bergeron in OAKLAND GORILLAS zone. 7:00 of 1st period - Shot by Mark Stone. 7:00 of 1st period - Stopped by Pyotr Kochetkov with a rebound. 8:02 of 1st period - Shot by Jordan Kyrou. 8:02 of 1st period - Stopped by Pyotr Kochetkov without a rebound. 8:03 of 1st period - Logan Couture wins face-off versus Ryan O'Reilly in LONG BEACH BARACUDAS zone. 8:14 of 1st period - Shot by Patrik Laine. 8:14 of 1st period - Stopped by Pyotr Kochetkov without a rebound. 8:15 of 1st period - Derek Stepan wins face-off versus Patrice Bergeron in LONG BEACH BARACUDAS zone. 8:15 of 1st period - Derek Stepan is hit by Jack McBain. 8:16 of 1st period - Minor Penalty to Jack McBain for Charging. 8:17 of 1st period - Patrice Bergeron wins face-off versus Nico Hischier in OAKLAND GORILLAS zone. 8:38 of 1st period - Shot by Teuvo Teravainen. 8:38 of 1st period - Stopped by Alexandar Georgiev without a rebound. 8:39 of 1st period - Patrice Bergeron wins face-off versus William Karlsson in OAKLAND GORILLAS zone. 9:23 of 1st period - Icing by Kyle Connor. 9:24 of 1st period - David Kampf wins face-off versus Nico Hischier in LONG BEACH BARACUDAS zone. 9:31 of 1st period - Alex Pietrangelo is hit by Kyle Connor and loses puck. 11:14 of 1st period - Jared Spurgeon is hit by Tom Wilson and loses puck. 12:45 of 1st period - Shot by Aleksander Barkov. 12:45 of 1st period - Deflect By Mark Stone. 12:45 of 1st period - Shot Misses the Net. 13:05 of 1st period - Shot by Jordan Kyrou. 13:05 of 1st period - Deflect By Logan Couture. 13:05 of 1st period - Stopped by Pyotr Kochetkov with a rebound. 13:07 of 1st period - Shot by Logan Couture. 13:07 of 1st period - Shot Misses the Net. 13:13 of 1st period - Shot by Jordan Kyrou. 13:13 of 1st period - Shot Misses the Net. 14:15 of 1st period - Shot by William Karlsson. 14:15 of 1st period - Stopped by Alexandar Georgiev without a rebound. 14:16 of 1st period - Patrice Bergeron wins face-off versus Nico Hischier in OAKLAND GORILLAS zone. 14:57 of 1st period - Shot by Patrice Bergeron. 14:57 of 1st period - Shot Blocked by Jaden Schwartz. 15:19 of 1st period - Shot by Aleksander Barkov. 15:19 of 1st period - Goal by Aleksander Barkov - LONG BEACH BARACUDAS : 0 - OAKLAND GORILLAS : 2. 15:20 of 1st period - William Karlsson wins face-off versus Aleksander Barkov in neutral zone. 15:30 of 1st period - Shot by Mark Stone. 15:30 of 1st period - Stopped by Pyotr Kochetkov without a rebound. 15:31 of 1st period - William Karlsson wins face-off versus Aleksander Barkov in LONG BEACH BARACUDAS zone. 16:08 of 1st period - Zachary Werenski is hit by Marcus Foligno and loses puck. 16:36 of 1st period - Off-side. 16:37 of 1st period - Logan Couture wins face-off versus Ryan O'Reilly in neutral zone. 16:42 of 1st period - Shot by Patrik Laine. 16:42 of 1st period - Shot Misses the Net. 16:44 of 1st period - Shot by Logan Couture. 16:44 of 1st period - Shot Misses the Net. 16:52 of 1st period - Jordan Kyrou is hit by Seth Jarvis and loses puck. 17:21 of 1st period - Shot by Jordan Kyrou. 17:21 of 1st period - Shot Misses the Net. 17:23 of 1st period - Shot by Shayne Gostisbehere. 17:23 of 1st period - Stopped by Pyotr Kochetkov with a rebound. 17:25 of 1st period - Shot by Shayne Gostisbehere. 17:25 of 1st period - Stopped by Pyotr Kochetkov without a rebound. 17:26 of 1st period - Nico Hischier wins face-off versus Patrice Bergeron in LONG BEACH BARACUDAS zone. 17:49 of 1st period - Shot by Patrice Bergeron. 17:49 of 1st period - Stopped by Pyotr Kochetkov without a rebound. 17:50 of 1st period - William Karlsson wins face-off versus Aleksander Barkov in LONG BEACH BARACUDAS zone. 17:55 of 1st period - Shot by Sam Reinhart. 17:55 of 1st period - Stopped by Alexandar Georgiev with a rebound. 18:01 of 1st period - Torey Krug is hit by Marcus Foligno and loses puck. 18:30 of 1st period - Shot by Jared Spurgeon. 18:30 of 1st period - Stopped by Pyotr Kochetkov with a rebound. 18:32 of 1st period - Shot by Mark Stone. 18:32 of 1st period - Stopped by Pyotr Kochetkov without a rebound. 18:33 of 1st period - Patrice Bergeron wins face-off versus Ryan O'Reilly in LONG BEACH BARACUDAS zone. 19:13 of 1st period - Icing by Ryan O'Reilly. 19:14 of 1st period - Ryan O'Reilly wins face-off versus Logan Couture in LONG BEACH BARACUDAS zone. 19:33 of 1st period - Shot by Sam Reinhart. 19:33 of 1st period - Stopped by Alexandar Georgiev without a rebound. 19:34 of 1st period - William Karlsson wins face-off versus Aleksander Barkov in OAKLAND GORILLAS zone. 19:34 of 1st period - William Karlsson is hit by Jamie Oleksiak. 19:54 of 1st period - Shot by Mark Stone. 19:54 of 1st period - Stopped by Pyotr Kochetkov without a rebound. 19:55 of 1st period - Patrice Bergeron wins face-off versus Teuvo Teravainen in LONG BEACH BARACUDAS zone. Goals for this period are 0 for LONG BEACH BARACUDAS vs 2 for OAKLAND GORILLAS. Shots for this period are 5 for LONG BEACH BARACUDAS vs 18 for OAKLAND GORILLAS. 2nd period 0:01 of 2nd period - William Karlsson wins face-off versus Patrice Bergeron in neutral zone. 0:10 of 2nd period - Shot by William Karlsson. 0:10 of 2nd period - Stopped by Alexandar Georgiev without a rebound. 0:11 of 2nd period - William Karlsson wins face-off versus Aleksander Barkov in OAKLAND GORILLAS zone. 0:36 of 2nd period - Shot by Marcus Foligno. 0:36 of 2nd period - Stopped by Pyotr Kochetkov without a rebound. 0:37 of 2nd period - Patrice Bergeron wins face-off versus Teuvo Teravainen in LONG BEACH BARACUDAS zone. 1:06 of 2nd period - Shot by Patrice Bergeron. 1:06 of 2nd period - Deflect By Colton Sissons. 1:06 of 2nd period - Shot Misses the Net. 1:31 of 2nd period - Icing by Colton Sissons. 1:32 of 2nd period - Patrice Bergeron wins face-off versus Sam Reinhart in OAKLAND GORILLAS zone. 2:27 of 2nd period - Shot by Brock Boeser. 2:27 of 2nd period - Deflect By Ryan O'Reilly. 2:27 of 2nd period - Shot Misses the Net. 2:49 of 2nd period - Shot by Ryan O'Reilly. 2:49 of 2nd period - Stopped by Alexandar Georgiev without a rebound. 2:50 of 2nd period - Nico Hischier wins face-off versus Aleksander Barkov in OAKLAND GORILLAS zone. 3:15 of 2nd period - Shot by Nico Hischier. 3:15 of 2nd period - Goal by Nico Hischier - LONG BEACH BARACUDAS : 1 - OAKLAND GORILLAS : 2. 3:16 of 2nd period - Brock Boeser wins face-off versus Jack McBain in neutral zone. 3:45 of 2nd period - Icing by Ryan O'Reilly. 3:46 of 2nd period - Aleksander Barkov wins face-off versus Ryan O'Reilly in LONG BEACH BARACUDAS zone. 5:14 of 2nd period - William Karlsson is hit by Shayne Gostisbehere and loses puck. 5:19 of 2nd period - Shot by Sam Reinhart. 5:19 of 2nd period - Goal